 Dungeon Crawl Stone Soup version 0.18-a0-1805-g8ab820f (webtiles) character file.

453 varam the Grave Robber (level 6, -6/36 HPs)
             Began as a Deep Elf Necromancer on Apr 26, 2016.
             Was an Initiate of Makhleb.
             Mangled by an orc
             ... wielding a +0 falchion
              (7 damage)
             ... on level 4 of the Dungeon.
             The game lasted 00:25:36 (6629 turns).

varam the Grave Robber (Deep Elf Necromancer)       Turns: 6629, Time: 00:25:37

Health: -6/36      AC:  4    Str:  5    XL:     6   Next: 75%
Magic:  14/16      EV: 13    Int: 22    God:    Makhleb [......]
Gold:   178        SH:  0    Dex: 15    Spells: 5 memorised, 3 levels left

rFire  . . .     SeeInvis +     q - +3 quarterstaff (chaos)
rCold  . . .     Gourm    +     a - +0 robe
rNeg   . . .     Faith    .     (shield currently unavailable)
rPois  .         Spirit   .     w - +0 helmet
rElec  .         Dismiss  .     r - +0 cloak (curse)
rCorr  .         Reflect  .     (no gloves)
SustAt .         Harm     .     (no boots)
MR     .....                    m - amulet of the gourmand
Stlth  ++........               (no ring)
                                y - ring of see invisible

@: not resistant to hostile enchantments, unstealthy
A: no striking features
a: Renounce Religion


You were on level 4 of the Dungeon.
You worshipped Makhleb.
Makhleb was noncommittal.
You were hungry.

You visited 1 branch of the dungeon, and saw 4 of its levels.

You collected 178 gold pieces.

Inventory:

Hand Weapons
 k - a +0 short sword
 q - a +3 quarterstaff of chaos (weapon)
Armour
 a - a +0 robe (worn)
 r - a cursed +0 cloak (worn)
 w - a +0 helmet (worn)
Jewellery
 m - an amulet of the gourmand (around neck)
 y - a ring of see invisible (left hand)
Scrolls
 d - a scroll of magic mapping {unknown}
 e - a scroll of enchant armour {unknown}
 g - a scroll of identify {unknown}
 i - 2 scrolls of immolation {unknown}
 j - a scroll of teleportation {unknown}
 n - a scroll of amnesia {unknown}
 o - a scroll of noise {unknown}
 p - a scroll of remove curse {unknown}
 s - a scroll of random uselessness {unknown}
Potions
 f - a potion of might {unknown}
 h - a potion of magic {unknown}
 l - a potion of lignification {unknown}
 t - a potion of heal wounds
 u - a potion of haste {unknown}
Books
 b - a book of Necromancy

   Spells                             Type                      Level
   a - Pain                           Necromancy                   1
   b - Animate Skeleton               Necromancy                   1
   c - Vampiric Draining              Necromancy                   3
   d - Regeneration                   Charms/Necromancy            3
   e - Animate Dead                   Necromancy                   4
   f - Control Undead                 Necromancy                   4
 c - a Grand Grimoire

   Spells                             Type                      Level
   a - Monstrous Menagerie            Summoning                    7
   b - Summon Greater Demon           Summoning                    7
   c - Malign Gateway                 Summoning/Translocation      7
   d - Summon Horrible Things         Summoning                    8
Comestibles
 v - 3 fruits
 x - a royal jelly
 z - a bread ration


   Skills:
 + Level 2.9 Fighting
 + Level 2.3 Staves
 - Level 2.4 Dodging
 - Level 2.4 Stealth
 + Level 5.5 Spellcasting
 + Level 6.7 Necromancy


You had 3 spell levels left.
You knew the following spells:

 Your Spells              Type           Power        Failure   Level  Hunger
a - Pain                  Necr           ####         1%          1    None
b - Animate Skeleton      Necr           N/A          1%          1    None
c - Vampiric Draining     Necr           #####.....   1%          3    ##.....
d - Animate Dead          Necr           N/A          8%          4    ####...
e - Control Undead        Necr           #####.....   8%          4    ####...


Dungeon Overview and Level Annotations

Branches:
Dungeon (4/15)
 Temple: D:4-7

Altars:
Makhleb
Nemelex Xobeh
Okawaru
Zin

Annotations:
D:4 Grinder


Message History

Grinder blinks!
Grinder blinks!
Your orc zombie barely misses Grinder.
An orc comes into view. It is wielding a falchion.
You closely miss Grinder.
Grinder is heavily wounded.
Grinder gestures at you.
You suddenly lose the ability to move!
Your orc zombie barely misses Grinder.
Grinder hits you.
You writhe in agony.
The orc hits your orc zombie with a falchion!
Your orc zombie is destroyed!
Grinder hits you.
You writhe in agony.
* * * LOW HITPOINT WARNING * * *
Grinder hits you but does no damage. The orc hits you with a falchion!
* * * LOW HITPOINT WARNING * * *
Grinder gestures at you.
You struggle to resist.
The orc hits you but does no damage.
Grinder blinks!
The orc hits you but does no damage.
You can move again.
Grinder blinks!
The orc hits you with a falchion!
You die...

############ ..#...##..
#.#...##.#####
########o#...##.....#####
.....ยง..@'...'...........
..##..####...##........##
#. ..........####.#.## #
..55.####..# #.#.#.
..#...####..# #.#.#.
.............. ..#.#.
....#. #.....#####.#.
...... #.........#.#.
#....##.#.#.


You could see an orc.

Vanquished Creatures
  Sigmund (D:4)
  A hound (D:4)
  Crazy Yiuf (D:2)
  An orc wizard (D:3)
  A hound skeleton (D:4)
  2 adders
  7 gnolls
  2 oozes
  4 worms
  3 giant geckos
  5 orcs
  A ball python (D:1)
  3 giant cockroaches
  11 goblins
  6 hobgoblins
  6 jackals (D:1)
  9 kobolds
  3 quokkas
  5 bats
  4 giant newts
  14 rats
90 creatures vanquished.

Notes
Turn   | Place    | Note
--------------------------------------------------------------
     0 | D:1      | varam the Deep Elf Necromancer began the quest for the Orb.
     0 | D:1      | Reached XP level 1. HP: 10/10 MP: 6/6
    50 | D:1      | Reached skill level 5 in Necromancy
    64 | D:1      | Reached XP level 2. HP: 8/15 MP: 4/8
   721 | D:1      | Learned a level 1 spell: Animate Skeleton
  1116 | D:1      | Reached XP level 3. HP: 15/19 MP: 6/10
  2122 | D:2      | Reached skill level 1 in Fighting
  2195 | D:2      | Found a sparkling altar of Nemelex Xobeh.
  2330 | D:2      | HP: 1/20 [poisoned by an adder]
  2896 | D:2      | Learned a level 3 spell: Vampiric Draining
  3332 | D:2      | Noticed Crazy Yiuf
  3341 | D:2      | Killed Crazy Yiuf
  3341 | D:2      | Reached XP level 4. HP: 19/25 MP: 4/12
  4071 | D:3      | Reached XP level 5. HP: 28/30 MP: 9/13
  4113 | D:3      | Learned a level 4 spell: Animate Dead
  4118 | D:3      | Learned a level 4 spell: Control Undead
  4705 | D:3      | Reached skill level 1 in Staves
  4913 | D:3      | Reached skill level 6 in Necromancy
  5991 | D:3      | Found a glowing silver altar of Zin.
  5994 | D:3      | Found a burning altar of Makhleb.
  5995 | D:3      | Noticed an angel
  5996 | D:3      | Noticed a cacodemon
  5999 | D:3      | Became a worshipper of Makhleb the Destroyer
  6250 | D:4      | Noticed Sigmund
  6295 | D:4      | Killed Sigmund
  6295 | D:4      | Reached skill level 5 in Spellcasting
  6295 | D:4      | Reached XP level 6. HP: 26/36 MP: 16/16
  6492 | D:4      | Found an iron altar of Okawaru.
  6514 | D:4      | Noticed a slave
  6515 | D:4      | Noticed a slave
  6612 | D:4      | Noticed Grinder
  6623 | D:4      | Paralysed by Grinder for 6 turns
  6626 | D:4      | HP: 1/36 [orc/falchion (8)]
  6629 | D:4      | Mangled by an orc

Vault maps used:
D:1:      saegor_arrival_miasma
D:2:      minmay_misc_feat_more_columns, nemelex_lonely_heart_becter,
          uniq_crazy_yiuf_cottage
D:3:      grunt_temple_overflow_order_and_chaos_2, first_bread
D:4:      grunt_dithmenos_shadows, okawaru_metal_pillars_3, uniq_pikel,
          uniq_sigmund, uniq_grinder

Skill      XL: |  1  2  3  4  5 |
---------------+----------------+-----
Necromancy     | 5 6 |  6.7
Spellcasting   | 4 5 |  5.5
Fighting       | 1 2 |  2.9
Staves         | 2 |  2.3
Dodging        | |  2.4
Stealth        | |  2.4

Action                   |  1- 3 |  4- 6 || total
-------------------------+-------+-------++-------
Melee: Unarmed           |     2 |       ||     2
       Short sword       |     6 |       ||     6
       Quarterstaff      |       |    41 ||    41
 Cast: Pain              |    82 |    77 ||   159
       Animate Skeleton  |     2 |       ||     2
       Animate Dead      |       |     9 ||     9
  Use: Potion            |     2 |       ||     2
 Stab: Sleeping          |       |     4 ||     4
       Paralysed         |       |     1 ||     1
  Eat: Chunk             |     1 |     5 ||     6
       Bread ration      |     1 |     1 ||     2
       Beef jerky        |     1 |     1 ||     2
Armor: Robe              |     6 |     9 ||    15
Dodge: Dodged            |    24 |    46 ||    70
